 Dungeon Crawl Stone Soup version 0.29.1-13-g9f3cf754e1 (webtiles) character file.

Game seed: 16527789113936297551

122 cowcol the Chopper (level 4, -4/40 HPs)
             Began as a Minotaur Monk on Jan 27, 2023.
             Killed from afar by an orc wizard (10 damage)
             ... with a puff of flame
             ... on level 3 of the Dungeon.
             The game lasted 00:05:09 (3592 turns).

cowcol the Chopper (Minotaur Monk)                  Turns: 3592, Time: 00:05:09

Health: -4/40      AC:  5    Str: 17    XL:     4   Next: 78%
Magic:  3/3        EV: 12    Int:  7    God:
Gold:   90         SH:  0    Dex: 13    Spells: 3/3 levels left

rFire   . . .      SeeInvis .   a - +0 hand axe
rCold   . . .      Faith    .   (no shield)
rNeg    . . .      Spirit   .   f - +0 ring mail
rPois   .          Reflect  .   (helmet restricted)
rElec   .          Harm     .   (no cloak)
rCorr   .          Rampage  .   (no gloves)
Will    .....                   (no boots)
Stlth   ..........              (no amulet)
HPRegen 0.13/turn               (no ring)
MPRegen 0.08/turn               (no ring)

@: confused
A: horns 2, retaliatory headbutt
a: no special abilities


You were on level 3 of the Dungeon.
You visited 1 branch of the dungeon, and saw 3 of its levels.

You collected 110 gold pieces.
You spent 20 gold pieces at shops.

Inventory:

Hand Weapons
 a - a +0 hand axe (weapon)
 e - a +0 dagger
Armour
 b - a +0 robe
 f - a +0 ring mail (worn)
 n - a +0 plate armour
Jewellery
 l - a +4 ring of protection
Scrolls
 d - a scroll of summoning {unknown}
 g - a scroll of magic mapping
 h - 2 scrolls of teleportation {unknown}
 j - 2 scrolls of fog
 k - 3 scrolls of vulnerability {unknown}
 m - a scroll of noise {unknown}
 q - a scroll of fear {unknown}
Potions
 c - a potion of ambrosia
 o - a potion of invisibility {unknown}
 p - 2 potions of berserk rage


   Skills:
 + Level 4.1 Fighting
 * Level 1.5 Short Blades
 + Level 4.6 Axes
 * Level 2.7 Armour
 + Level 3.8 Dodging
 + Level 1.6 Stealth


You had 3 spell levels left.
You didn't know any spells.
Your spell library was empty.

Dungeon Overview and Level Annotations

Branches:
Dungeon (3/15)

Altars:

Shops:
D:1 ?


Innate Abilities, Weirdness & Mutations

You have a pair of horns on your head.
You reflexively headbutt those who attack you in melee.


Message History

Your headbutt misses the orc wizard.
The orc wizard is moderately wounded.
You hit the orc but do no damage. The orc wizard misses you.
The orc hits you but does no damage.
You hit the orc wizard.
The orc wizard is heavily wounded.
You hit the orc.
The orc wizard points at you and mumbles some strange words.
The puff of flame hits you! The orc hits you with a +0 club.
* * * LOW HITPOINT WARNING * * *
You hit the orc wizard.
The orc wizard is severely wounded.
You hit the orc but do no damage. The orc wizard completely misses you.
The orc hits you with a +0 club.
* * * LOW HITPOINT WARNING * * *
You hit the orc wizard but do no damage.
The orc wizard is severely wounded.
You hit the orc.
You kill the orc!
The orc wizard closely misses you.
You feel your strength returning.
You hit the orc wizard.
The orc wizard is almost dead.
The orc wizard casts a spell at you.
You are confused.
You closely miss the orc wizard.
You headbutt the orc wizard, but do no damage.
The orc wizard is almost dead.
The orc wizard gestures at you while chanting.
The magic dart hits you.
* * * LOW HITPOINT WARNING * * *
The orc wizard attacks as you move away!
The orc wizard hits you with a +0 dagger.
* * * LOW HITPOINT WARNING * * *
Things that are here:
a +0 club; an orc corpse You bump into the rock wall.
The orc wizard casts a spell at you. The puff of flame hits you!
You die...

.............#
...#####.#.###### .
.. #........# <.
.#####.#.####.#
#........#.####.#
#.#..........#.###...
...................
#.##.#....####.######
#...@o.....# #.#
#.##)##...## #.#
...##.#.......
........#.######
...#...####.# ##
#.... ... ..... ...
...... ..#


You could see an orc wizard.

Vanquished Creatures
  Natasha (thrice) (D:2)
  4 dart slugs
  3 orcs (D:3)
  4 endoplasms
  A giant cockroach (D:1)
  5 goblins
  2 hobgoblins
  2 kobolds
  5 ball pythons
  3 bats (D:1)
  6 frilled lizards
  3 rats
41 creatures vanquished.

Notes
Turn   | Place    | Note
-------+----------+-------------------------------------------
     0 | D:1      | cowcol the Minotaur Monk began the quest for the Orb.
     0 | D:1      | Reached XP level 1. HP: 19/19 MP: 0/0
   329 | D:1      | Reached XP level 2. HP: 27/27 MP: 1/1
   397 | D:1      | Found Zialask's Magic Scroll Shoppe.
   410 | D:1      | Bought a scroll of identify for 20 gold pieces
   439 | D:1      | Reached skill level 1 in Armour
  1654 | D:2      | Reached XP level 3. HP: 33/33 MP: 2/2
  2013 | D:2      | Noticed Natasha
  2020 | D:2      | Killed Natasha
  2571 | D:2      | Reached skill level 1 in Short Blades
  2664 | D:2      | Noticed Natasha
  2674 | D:2      | Killed Natasha
  2675 | D:2      | Reached XP level 4. HP: 39/40 MP: 3/3
  2962 | D:2      | Noticed Natasha
  2972 | D:2      | Killed Natasha
  3592 | D:3      | Killed from afar by an orc wizard

Illustrated notes

Levels and vault maps discovered:
D:1:      dpeg_arrival_stonehenge_12_columns, layout_basic, serial_shops,
          shop_statue, st_stairs_10
D:2:      layout_basic, uniq_natasha
D:3:      layout_basic, minmay_puff

Skill      XL: |  1  2  3 |
---------------+----------+-----
Armour         | 1 2 |  2.7
Axes           | 4 |  4.6
Fighting       | 4 |  4.1
Short Blades   | 1 |  1.5
Dodging        | |  3.8
Stealth        | |  1.6

Action                   |  1- 3 |  4- 6 || total
-------------------------+-------+-------++-------
Melee: Hand axe          |    67 |    21 ||    88
       Headbutt          |    11 |     1 ||    12
       Punch             |     1 |       ||     1
Throw: Stone             |     2 |       ||     2
  Use: Potion            |     3 |       ||     3
       Scroll            |     2 |       ||     2
Armor: Robe              |     2 |       ||     2
       Ring mail         |    24 |     7 ||    31
Dodge: Dodged            |    38 |    13 ||    51
